 Dungeon Crawl Stone Soup version 0.30.1-11-g7821555f0a (webtiles) character file.

Game seed: 12092073527433293003

2397932 monsoonserge the Hoplite (level 27, 228/228 HPs)
             Began as a Djinni Venom Mage on Dec 26, 2023.
             Was the Champion of Ashenzari.
             Escaped with the Orb
             ... and 4 runes on Dec 30, 2023!
             The game lasted 09:58:45 (66783 turns).

monsoonserge the Hoplite (Djinni Venom Mage)       Turns: 66783, Time: 09:58:45

Health: 228/228    AC: 20    Str: 13    XL:     27
Gold:   7318       EV: 18    Int: 33    God:    Ashenzari [******] SH: 18 Dex: 13

rFire   + + +        O - +10 demon trident of the Fated the Ego {drain, *Slow rF+ rC+++ Dex-4, Self, Melee} (curse)
rCold   + + +        e - +0 kite shield of the Chained Augur {reflect, Fort, Self} (curse)
rNeg    + . .        g - +0 scale mail of the Fated Fetters {rElec Str+2 Dex+3 SInv, Fort, Self} (curse)
rPois   ∞            Q - +2 hat "Cursed Morality" {Melee, Range} (curse)
rElec   +            s - +2 cloak of Ashenzari's Secrets {rCorr, Self, Evo} (curse)
rCorr   +            D - +0 pair of gloves of Ashenzari's Scepticism {hurl, Evo, Self} (curse)
SInv    +            (boots unavailable)
Will    +++..        o - amulet "Sibylline Inaction" {Regen+, Melee, Self} (curse)
Stlth   ++           X - ring "Soothsayer of Ashenzari" {rC+ rN+ Will+ Str+2, Cun, Fort} (curse)
HPRegen 1.38/turn    i - ring "At What Cost Knowledge?" {Int+6, Range, Fort} (curse)
MPRegen 0.00/turn

%: slow self (1%), reflection, clarity
@: flying, studying 3 skills
A: sickness immunity, fire resistance 2, cold vulnerability 1, float, innate
caster, HP casting, extra vitality 1, clumsy 1
0: Orb of Zot
}: 4/15 runes: serpentine, barnacled, slimy, silver
a: Renounce Religion, Shatter the Chains


You escaped.
You worshipped Ashenzari.
Ashenzari was exalted by your worship.
You visited 12 branches of the dungeon, and saw 55 of its levels.
You visited the Abyss 1 time.
You also visited: Trove, Sewer, Ossuary, Gauntlet and Volcano.

You collected 8224 gold pieces.
You spent 906 gold pieces at shops.

Inventory:

Hand Weapons
 O - the cursed +10 demon trident of the Fated the Ego (weapon) {drain, *Slow rF+ rC+++ Dex-4, Self, Melee}
   (You took it off a minotaur in a Gauntlet)

   Dex:       It affects your dexterity (-4).
   rF:        It protects you from fire.
   rC:        It renders you almost immune to cold.
   *Slow:     It may slow you when you take damage.
   It has a curse which improves the following skills: Introspection: Fighting
   and Spellcasting.
   Melee Combat: Short Blades, Long Blades, Axes, Maces & Flails, Polearms,
   Staves and Unarmed Combat.
Missiles
 n - 21 javelins (quivered)
 p - 6 boomerangs of dispersal
 w - 5 curare-tipped darts
 C - a throwing net
 P - 14 silver javelins
 U - 14 silver boomerangs
 V - 23 atropa-tipped darts
Armour
 e - the cursed +0 kite shield of the Chained Augur (worn) {reflect, Fort, Self}
   (You took it off a tengu warrior in a Gauntlet)

   It has a curse which improves the following skills: Fortitude: Armour and
   Shields.
   Introspection: Fighting and Spellcasting.
 g - the cursed +0 scale mail of the Fated Fetters (worn) {rElec Str+2 Dex+3 SInv, Fort, Self}
   (You found it on level 5 of the Lair of Beasts)

   Str:       It affects your strength (+2).
   Dex:       It affects your dexterity (+3).
   rElec:     It insulates you from electricity.
   SInv:      It lets you see invisible.
   It has a curse which improves the following skills: Fortitude: Armour and
   Shields.
   Introspection: Fighting and Spellcasting.
 s - the cursed +2 cloak of Ashenzari's Secrets (worn) {rCorr, Self, Evo}
   (You took it off Nikola on level 3 of the Shoals)

   It has a curse which improves the following skills: Introspection: Fighting
   and Spellcasting.
   Evocations: Evocations.
 u - a +2 tower shield
 D - the cursed +0 pair of gloves of Ashenzari's Scepticism (worn) {hurl, Evo, Self}
   (You found it on level 5 of the Pits of Slime)

   It has a curse which improves the following skills: Evocations: Evocations.
   Introspection: Fighting and Spellcasting.
 Q - the cursed +2 hat "Cursed Morality" (worn) {Melee, Range}
   (You took it off Gastronok on level 11 of the Dungeon)

   It has a curse which improves the following skills: Melee Combat: Short
   Blades, Long Blades, Axes, Maces & Flails, Polearms, Staves and Unarmed
   Combat.
   Ranged Combat: Ranged Weapons and Throwing.
Jewellery
 i - the cursed ring "At What Cost Knowledge?" (right hand) {Int+6, Range, Fort}
   (You found it in a Gauntlet)

   [ring of intelligence]

   Int:       It affects your intelligence (+6).
   It has a curse which improves the following skills: Ranged Combat: Ranged
   Weapons and Throwing.
   Fortitude: Armour and Shields.
 o - the cursed amulet "Sibylline Inaction" (around neck) {Regen+, Melee, Self}
   (You found it on level 2 of the Dungeon)

   [amulet of regeneration]

   Regen:     It increases your rate of health regeneration.
   It has a curse which improves the following skills: Melee Combat: Short
   Blades, Long Blades, Axes, Maces & Flails, Polearms, Staves and Unarmed
   Combat.
   Introspection: Fighting and Spellcasting.
 X - the cursed ring "Soothsayer of Ashenzari" (left hand) {rC+ rN+ Will+ Str+2, Cun, Fort}
   (You acquired it on level 4 of the Vaults)

   [ring of willpower]

   Str:       It affects your strength (+2).
   rC:        It protects you from cold.
   rN:        It protects you from negative energy.
   Will:      It increases your willpower.
   It has a curse which improves the following skills: Cunning: Dodging and
   Stealth.
   Fortitude: Armour and Shields.
Wands
 v - a wand of charming (62)
 x - a wand of flame (115)
 y - a wand of light (46)
 E - a wand of mindburst (68)
 G - a wand of polymorph (21)
 L - a wand of iceblast (81)
 Z - a wand of digging (37)
Scrolls
 a - 17 scrolls of immolation
 b - 27 scrolls of teleportation
 d - 15 scrolls of magic mapping
 f - 15 scrolls of fog
 j - 7 scrolls of blinking
 k - 7 scrolls of silence
 H - 5 scrolls of butterflies
 J - 11 scrolls of fear
 K - 2 scrolls of torment
 W - 8 scrolls of enchant armour
Potions
 c - 8 potions of might
 h - 12 potions of heal wounds
 l - 15 potions of brilliance
 m - 19 potions of lignification
 q - 5 potions of berserk rage
 r - 8 potions of cancellation
 z - 13 potions of haste
 B - 14 potions of curing
 I - 11 potions of mutation
 M - 9 potions of resistance
 N - 2 potions of ambrosia
 S - 6 potions of invisibility
Miscellaneous
 t - a condenser vane
 A - a phial of floods
 F - a lightning rod (4/4)
 R - a box of beasts
 T - a phantom mirror


   Skills:
 - Level 20.6(27) Fighting
 - Level 11.1(16.0) Polearms
 - Level 3.6(10.9) Staves
 + Level 4.1(7.4) Throwing
 + Level 17.4(22.9) Armour
 + Level 21.1(23.2) Dodging
 - Level 15.6(18.0) Stealth
 + Level 21.5(26.8) Shields
 + Level 3.9(8.1) Unarmed Combat
 - Level 21.2(27) Spellcasting
 + Level 12.0(15.5) Evocations


You knew the following spells:

 Your Spells              Type           Power      Damage    Failure   Level
a - Sting                 Tmut/Pois      100%       1d8       0%          1
b - Poisonous Vapours     Pois/Air       100%       N/A       0%          2
c - Mephitic Cloud        Conj/Pois/Air  100%       N/A       0%          3
d - Olgreb's Toxic Radia  Pois           100%       N/A       0%          4
e - Summon Small Mammal   Summ           100%       N/A       0%          1
f - Static Discharge      Conj/Air       100%       2-7/arc   0%          2
g - Frozen Ramparts       Ice            100%       1d16      0%          3
h - Vampiric Draining     Necr           100%       2d13      0%          3
i - Anguish               Hex/Necr       61%        N/A       0%          4
j - Blade Hands           Tmut           61%        N/A       0%          5
k - Dispersal             Tloc           61%        N/A       0%          6
l - Malign Gateway        Summ/Tloc      61%        N/A       0%          7
m - Enfeeble              Hex            61%        N/A       0%          7
n - Infestation           Necr           61%        N/A       1%          8
o - Maxwell's Capacitive  Air            61%        ∞         1%          8
p - Ignition              Fire           61%        3d16      1%          8
q - Chain Lightning       Conj/Air       61%        3d81      1%          9
Your spell library was empty.

Dungeon Overview and Level Annotations

Branches:
Dungeon (15/15)            Temple (1/1) D:4            Lair (5/5) D:10
 Shoals (4/4) Lair:3        Snake (4/4) Lair:3        Slime (5/5) Lair:5
    Orc (2/2) D:12            Elf (3/3) Orc:2        Vaults (5/5) D:13
  Crypt (2/3) Vaults:2     Depths (4/4) D:15            Zot (5/5) Depths:4
  Sewer (visited)         Ossuary (visited)         Volcano (visited)
Gauntlet (visited)

Altars:
Ashenzari
Cheibriados
Dithmenos
Elyvilon
Fedhas
Gozag
Hepliaklqana
Makhleb
Nemelex Xobeh
Okawaru
Qazlal
Ru
Trog
Uskayaw
Wu Jian
Xom
Yredelemnul
Zin
The Shining One
Jiyva

Shops:
D:3 ?   D:10 (   Orc:2 ((!!   Elf:2 (   Snake:1 *   Snake:2 :====   Snake:3 *
Snake:4 (   Vaults:1 =   Vaults:5 (   Depths:4 *

Portals:
Hell: Depths:1 Depths:2 Depths:3 Depths:4
Abyss: Depths:3 Depths:4
Pandemonium: Depths:1 Depths:2 Depths:4
Ziggurat: Depths:2

Annotations:
Zot:3 3 runed translucent doors, exclusion: obsidian statue, Muataran's ghost, veteran MiMo


Innate Abilities, Weirdness & Mutations

You are immune to sickness and miasma.
You are immune to poison.
Your flesh is very heat resistant. (rF++)
You are vulnerable to cold. (rC-)
You float through the air rather than walking.
You learn spells naturally, not from books.
Your magical power is your life essence.
You have superior vitality. (+4 MHP)
You are clumsy. (Dex -2)


Message History

The bolt of lightning hits the demonic crawler!!!!!
You kill the demonic crawler!
The bolt of lightning hits you. You resist.
Unknown command.
You sense a monster nearby.
An angel comes into view.
It is wielding a +3 sacred scourge of holy wrath.
The angel shouts!
Casting: Chain Lightning (dangerous; 1% risk of failure)
Confirm with . or Enter, or press ? or * to list all spells.
Lightning arcs from your hands!
The bolt of lightning hits the angel!!!
The angel resists.
The angel is severely wounded.
The bolt of lightning hits you! You resist.
Casting: Chain Lightning (dangerous; 1% risk of failure)
Confirm with . or Enter, or press ? or * to list all spells.
Lightning arcs from your hands!
The bolt of lightning hits the angel!!!!
The angel resists.
You kill the angel!
The bolt of lightning hits you! You resist.
Things that are here:
a +3 sacred scourge of holy wrath; a +0 robe You see here a scroll of noise.
There is a stone staircase leading up here.
You fly upwards.
There is a stone staircase leading down here.
HP restored.
There is a stone staircase leading up here.
You fly upwards.
There is a stone staircase leading down here.
A hellion comes into view.
Casting: Chain Lightning (dangerous; 1% risk of failure)
Confirm with . or Enter, or press ? or * to list all spells.
Lightning arcs from your hands!
The bolt of lightning hits the hellion!!!!
You kill the hellion!
HP restored.
There is an open gate here.
There is a staircase leading out of the dungeon here.
You have escaped!

# ####.....♣.....♣.....# #
#....................# #
#.##......#'''#......#
#####.##....###...###....#
...)........#.......#....########
#####.##....#.......#....##......
# #.##....#.......#....##.##... #
#.#.....#.......#....##...... #
#.......#...@...#.....####.## #
####..###.......###..## #.## #
#..#...........#..# #... #
#..#.8.......8.#..# #.##
#..#...#####...#..# #...
##..#####...#####..# #.#. #
##..................# #... ##
##...................# ###.
.####...........⌠........#######.


There were no monsters in sight!

Vanquished Creatures
  the Royal Jelly (Slime:5)
  3 dread liches (Vaults:5)
  Mara (Shoals:3)
  An ancient lich (Vaults:5)
  4 orbs of fire
  Boris (Depths:4)
  11 Killer Klowns
  4 curse toes
  5 golden dragons
  A bone dragon (Zot:2)
  An electric golem (Zot:5)
  A Brimstone Fiend (D:11)
  A walking crystal tome (Depths:3)
  20 tentacled monstrosities
  Jorgrun (D:12)
  26 Orb Guardians
  A walking earthen tome (Depths:3)
  3 liches
  3 titans
  8 quicksilver dragons
  3 deep elf master archers (Elf:3)
  A deep elf blademaster (Elf:3)
  12 acid blobs
  2 ancient champions
  Gastronok (D:11)
  12 death cobs
  6 sphinxes
  7 tengu reavers
  11 shadow dragons
  11 storm dragons
  5 nagarajas
  11 draconian monks
  3 rockslimes
  A revenant (Crypt:2)
  16 azure jellies
  6 draconian knights
  6 fire giants
  9 frost giants
  A balrug (Zot:3)
  16 vault wardens
  2 deep elf sorcerers (Elf:3)
  An angel (D:3)
  7 ghost moths
  Louise (Shoals:4)
  6 draconian scorchers
  2 orc warlords (Orc:2)
  2 draconian stormcallers (Zot:4)
  A draconian annihilator (Zot:5)
  2 ghouls (Crypt:1)
  A draconian shifter (Zot:5)
  14 quicksilver oozes
  10 very ugly things
  8 ironbound preservers
  A war gargoyle (Vaults:5)
  A vampire knight (Crypt:1)
  3 ironbound thunderhulks
  10 stone giants
  7 green draconians
  7 deep elf demonologists
  3 deep elf annihilators
  2 yellow draconians
  A spark wasp (Depths:1)
  A bunyip (shapeshifter) (Zot:2)
  12 black draconians
  2 minotaurs
  9 purple draconians
  11 red draconians
  2 dire elephants (Vaults:2)
  2 white draconians (Zot:3)
  A quicksilver dragon zombie (Crypt:2)
  Snorg (D:12)
  6 deep elf death magi
  4 merfolk impalers
  6 great orbs of eyes
  5 ettins
  10 yaktaur captains
  An entropy weaver (Vaults:5)
  Josephine (Orc:2)
  26 vault guards
  2 deep elf high priests
  8 fire dragons
  The ghost of Fractals the Slicer, a journeyman KoBr of Dithmenos (Lair:2)
  4 ice dragons
  3 spriggan air magi (Depths:2)
  2 spriggan skeletons
  A rakshasa (D:15)
  8 hydras
  4 merfolk avatars
  A catoblepas (Shoals:3)
  3 ogre magi
  7 centaur warriors
  A merfolk aquamancer (Shoals:4)
  2 ironbound frosthearts
  7 anacondas
  A radroach (shapeshifter) (Vaults:5)
  9 two-headed ogres
  Erica (D:10)
  3 boulder beetles
  12 naga warriors
  A deep troll shaman (Depths:4)
  18 dancing weapons
  6 satyrs
  A hell hog (Volcano)
  8 deep troll earth magi
  2 vampire magi
  A spriggan berserker (Depths:2)
  8 death yaks
  4 tengu warriors
  4 shock serpents
  8 naga sharpshooters
  A titan zombie (Depths:2)
  9 deep elf knights
  4 sun demons (Zot:3)
  3 iron trolls
  3 orc high priests (Orc:2)
  3 sixfirhies
  A fire crab (Volcano)
  3 skeletal warriors (Crypt:1)
  2 golden dragon zombies (Depths:1)
  A salamander mystic (Snake:2)
  36 deep trolls
  6 skysharks
  4 naga ritualists
  16 sea snakes
  A glowing orange brain (Depths:2)
  A glowing orange brain (shapeshifter) (Vaults:5)
  5 flayed ghosts
  A bog body (Crypt:1)
  A shadow demon (Depths:2)
  A large abomination (Abyss:2)
  8 orc knights
  A sphinx zombie (Vaults:1)
  2 phantasmal warriors
  A golden dragon skeleton (Depths:2)
  An orb spider (shapeshifter) (Vaults:5)
  6 deep elf archers
  4 lindwurms
  8 harpies
  9 ironbound convokers
  15 deep elf zephyrmancers
  8 wizards
  7 necromancers
  11 mana vipers
  A mana viper (shapeshifter) (Depths:2)
  17 deep elf pyromancers
  8 shining eyes
  8 cyclopes
  21 manticores
  13 ugly things
  A faun (shapeshifter) (Vaults:5)
  A tengu skeleton (Depths:2)
  7 orc sorcerers (Orc:2)
  An iron dragon zombie (Depths:2)
  12 salamanders
  4 guardian serpents
  19 fauns
  38 moths of wrath
  A guardian serpent (shapeshifter) (Zot:2)
  10 merfolk sirens
  3 elephants
  Maurice (D:11)
  A worldbinder (Abyss:2)
  23 black mambas
  A smoke demon (Abyss:2)
  3 water nymphs
  6 naga magi
  11 vault sentinels
  A molten gargoyle (Volcano)
  A demonic crawler (D:3)
  12 cane toads
  2 rust devils
  3 torpor snails
  A gargoyle (D:10)
  5 eyes of devastation
  3 rime drakes
  A hellion (D:1)
  An unseen horror (D:11)
  22 yaktaurs
  A kobold demonologist (Depths:2)
  5 komodo dragons
  An ice devil (Depths:1)
  An efreet (D:14)
  3 freezing wraiths
  4 tengu conjurers
  7 merfolk
  A hellwing (Depths:1)
  A hornet (D:8)
  3 meliai (D:14)
  7 wind drakes
  3 polar bears
  7 trolls
  7 blink frogs
  A harpy skeleton (Crypt:1)
  A tyrant leech (Lair:5)
  A tyrant leech (shapeshifter) (Vaults:5)
  Prince Ribbit (D:7)
  A snapping turtle (shapeshifter) (Vaults:5)
  10 snapping turtles
  A blink frog (shapeshifter) (Elf:2)
  A boulder beetle zombie (Crypt:1)
  7 dream sheep
  A centaur simulacrum (D:14)
  122 slime creatures
  An air elemental (Elf:1)
  2 shadows
  41 yaks
  2 wyverns
  9 water elementals
  10 fire bats (Volcano)
  3 vampires
  4 wraiths
  12 golden eyes
  4 basilisks
  A chaos spawn (Depths:4)
  2 fire elementals
  A steam dragon (D:10)
  2 vampire mosquitoes (D:11)
  2 redbacks (Vaults:5)
  5 wargs
  Menkaure (Ossuary)
  3 swamp worms (Lair:5)
  37 nagas
  A small abomination (Abyss:2)
  4 hell hounds
  3 acid dragons
  14 water moccasins
  A swamp drake (D:12)
  An ice beast (D:8)
  2 sky beasts
  35 orc warriors
  14 ogres
  A boggart (Depths:2)
  16 wolves
  14 centaurs
  A phantom (D:3)
  6 kobold brigands
  2 gnoll sergeants
  7 bullfrogs
  2 earth elementals (Elf:1)
  4 scorpions
  21 wights
  A human skeleton (Vaults:1)
  10 killer bees
  9 howler monkeys
  10 lava snakes
  A jelly (Abyss:2)
  22 orc priests
  4 hounds
  4 iguanas
  2 sleepcaps (D:6)
  41 orc wizards
  A hell rat (Elf:3)
  A boggart simulacrum (D:14)
  4 mummies
  10 adders
  5 gnolls (D:4)
  2 shadow imps
  4 white imps
  2 ufetubi
  An adder zombie (Crypt:1)
  3 dart slugs
  4 worms
  115 orcs
  6 bats
  8 endoplasms
  2 giant cockroaches
  4 gnoll zombies (Ossuary)
  8 goblins
  3 hobgoblins
  6 jackals
  4 quokkas (D:1)
  15 ball pythons
  7 frilled lizards
  8 gnoll skeletons (Ossuary)
  A goblin skeleton (Ossuary)
  4 goblin zombies (Ossuary)
  5 hobgoblin skeletons (Ossuary)
  6 hobgoblin zombies
  43 kobolds
  4 kobold skeletons (Ossuary)
  4 kobold zombies
  2 orc skeletons (Ossuary)
  4 orc zombies (Ossuary)
  11 rats
  5 rat skeletons (Ossuary)
  5 rat zombies (Ossuary)
  2 butterflies (Lair:2)
1928 creatures vanquished.

Vanquished Creatures (collateral kills)
  Margery (Vaults:3)
  Nikola (Shoals:3)
  A bone dragon (Depths:4)
  A tentacled monstrosity (Vaults:5)
  A walking earthen tome (Depths:3)
  3 liches
  12 acid blobs
  3 titans
  An eldritch tentacle (Depths:1)
  2 ancient champions (Crypt:1)
  4 sphinxes
  2 shadow dragons
  5 storm dragons
  2 nagarajas (Snake:4)
  Ilsuiw (Shoals:2)
  Roxanne (Shoals:2)
  A draconian monk (Depths:4)
  14 rockslimes
  6 azure jellies
  2 deep elf sorcerers (Elf:3)
  2 fire giants
  7 vault wardens
  3 frost giants
  2 deep elf elementalists (Elf:3)
  2 orc warlords
  A cacodemon (Depths:1)
  Aizul (Snake:2)
  14 ironbound preservers
  4 quicksilver oozes
  A war gargoyle (Vaults:2)
  7 very ugly things
  6 ironbound thunderhulks
  2 vampire knights
  A green draconian (Depths:4)
  2 deep elf demonologists
  6 stone giants
  3 deep elf annihilators
  A purple draconian (Depths:4)
  A spark wasp (Depths:1)
  A white draconian (Depths:4)
  A black draconian (Depths:4)
  6 dire elephants
  A red draconian (Depths:4)
  A yellow draconian (Depths:4)
  A minotaur (Shoals:4)
  5 ettins
  2 merfolk impalers
  6 deep elf death magi
  2 fire dragons (Depths:2)
  A merfolk javelineer (Shoals:2)
  A quicksilver dragon zombie (Depths:1)
  7 yaktaur captains
  7 great orbs of eyes
  2 rakshasas
  An entropy weaver (Vaults:2)
  A deep elf high priest (Elf:3)
  3 ice dragons
  A spriggan air mage (Depths:4)
  An ogre mage (Vaults:3)
  3 vault guards
  A hell beast (Depths:4)
  7 ironbound frosthearts
  A merfolk aquamancer (Shoals:4)
  A merfolk avatar (Shoals:2)
  A death knight (Crypt:1)
  5 centaur warriors
  2 peacekeepers
  2 anacondas
  2 two-headed ogres (Vaults:3)
  2 naga warriors
  14 dancing weapons
  A deep troll earth mage (Depths:2)
  2 tengu warriors
  2 orc high priests (Depths:2)
  2 naga sharpshooters
  5 hell knights (Vaults:3)
  4 spriggan berserkers (Depths:4)
  A shock serpent (Snake:4)
  A soul eater (Depths:4)
  9 deep elf knights
  2 iron trolls (Depths:4)
  3 skeletal warriors (Crypt:1)
  3 sea snakes
  A flayed ghost (Depths:3)
  3 glowing orange brains
  A spriggan rider (Depths:4)
  31 deep trolls
  A glowing orange brain (shapeshifter) (Depths:2)
  55 slime creatures
  A shadow demon (Depths:2)
  A naga ritualist (Snake:3)
  8 harpies
  11 ironbound convokers
  4 lindwurms
  An orange crystal statue (Depths:2)
  An iron dragon zombie (Crypt:1)
  2 deep elf archers (Elf:2)
  An obsidian statue (Crypt:1)
  5 phantasmal warriors
  3 wizards
  4 mana vipers
  3 sphinx zombies
  12 deep elf pyromancers
  4 necromancers
  3 orc knights
  9 deep elf zephyrmancers
  A salamander (Snake:2)
  A wolf spider (Vaults:5)
  A cyclops (shapeshifter) (Snake:4)
  25 ugly things
  3 manticores
  2 shining eyes
  A human skeleton (Vaults:1)
  2 fauns (Shoals:1)
  A naga mage (Snake:4)
  A black mamba (Snake:3)
  A merfolk siren (Shoals:1)
  A guardian serpent (Snake:4)
  A rust devil (Depths:1)
  10 vault sentinels
  A minotaur zombie (Crypt:2)
  A kobold demonologist (Depths:2)
  An elf zombie (Vaults:3)
  A golden dragon simulacrum (Depths:3)
  22 yaktaurs
  A swamp worm zombie (Crypt:2)
  A red devil (Depths:4)
  2 merfolk
  A wind drake (Shoals:4)
  2 dream sheep (Shoals:4)
  2 snapping turtles (Shoals:4)
  2 air elementals
  2 wraiths (Crypt:1)
  2 ettin skeletons
  7 water elementals
  A golden eye (Slime:5)
  8 nagas
  A swamp worm (shapeshifter) (Depths:4)
  A glowing shapeshifter zombie (Vaults:3)
  A hell hound (Elf:3)
  A floating eye (shapeshifter) (Vaults:5)
  A hydra simulacrum (Crypt:1)
  2 floating eyes
  A blink frog zombie (Crypt:1)
  A merfolk skeleton (Crypt:1)
  4 ogres (Vaults:3)
  A boggart (Depths:2)
  A polar bear zombie (Crypt:1)
  A tengu zombie (Depths:1)
  2 centaur zombies (Crypt:1)
  A human zombie (Crypt:1)
  A basilisk zombie (Crypt:1)
  A quokka zombie (Crypt:1)
551 creatures vanquished.

Vanquished Creatures (others)
  65 eldritch tentacles
  Polyphemus (Shoals:3)
  Donald (Orc:2)
  An orc warlord (Vaults:4)
  A dire elephant (D:15)
  An ettin (Depths:2)
  A fire dragon (Elf:3)
  3 hydras
  A centaur warrior (D:15)
  An anaconda (Snake:3)
  A two-headed ogre (D:11)
  2 satyrs
  A tengu warrior (D:14)
  5 naga warriors
  2 naga sharpshooters
  2 sea snakes (Snake:4)
  A wizard (Vaults:2)
  An orc knight (Orc:2)
  3 deep elf pyromancers
  3 harpies
  3 deep elf zephyrmancers
  2 fauns
  An ugly thing (Depths:1)
  A salamander (Snake:2)
  3 manticores
  2 naga magi (Snake:2)
  A cane toad (Lair:4)
  3 black mambas
  A molten gargoyle (Volcano)
  A komodo dragon (Lair:4)
  2 rime drakes
  3 yaktaurs
  A polar bear (Lair:3)
  A yak (Lair:1)
  2 nagas (Snake:2)
  A water moccasin (Lair:1)
  A centaur (Lair:1)
126 creatures vanquished.

Grand Total: 2605 creatures vanquished

Notes
Turn   | Place    | Note
-------+----------+-------------------------------------------
     0 | D:1      | monsoonserge the Djinni Venom Mage began the quest for the
                  | Orb.
     0 | D:1      | monsoonserge set off with the following spells memorised:
                  | Sting, Poisonous Vapours, Mephitic Cloud, Olgreb's Toxic
                  | Radiance.
     0 | D:1      | Reached XP level 1. HP: 15/15 MP: 0/0
   141 | D:1      | Reached XP level 2. HP: 11/21 MP: 0/0
   640 | D:1      | Reached XP level 3. HP: 20/25 MP: 0/0
   640 | D:1      | Learned a level 1 spell: Summon Small Mammal
   707 | D:1      | You are sucked into a shaft and drop 1 floor!
  1592 | D:2      | Found a faded altar of an unknown god.
  1656 | D:3      | Reached skill level 1 in Armour
  1656 | D:3      | Reached XP level 4. HP: 31/31 MP: 0/0
  1656 | D:3      | Found Vell's Magic Scroll Boutique.
  1716 | D:3      | Bought a scroll of teleportation for 39 gold pieces
  1716 | D:3      | Bought a scroll of noise for 13 gold pieces
  1716 | D:3      | Bought a scroll of butterflies for 52 gold pieces
  1761 | D:3      | Found a faded altar of an unknown god.
  1825 | D:3      | Reached XP level 5. HP: 25/35 MP: 0/0
  1825 | D:3      | Learned a level 2 spell: Static Discharge
  2054 | D:3      | Noticed a phantom
  2062 | D:3      | Killed a phantom
  2063 | D:3      | Reached XP level 6. HP: 25/40 MP: 0/0
  2690 | D:4      | Reached skill level 5 in Spellcasting
  2690 | D:4      | Reached XP level 7. HP: 45/45 MP: 0/0
  2690 | D:4      | Learned a level 3 spell: Frozen Ramparts
  2953 | D:4      | Found a glowing drain.
  2990 | Sewer    | Entered a sewer
  3373 | D:3      | Bought a scroll of blinking for 97 gold pieces
  3465 | D:4      | Found a staircase to the Ecumenical Temple.
  3498 | Temple   | Entered the Ecumenical Temple
  3629 | Temple   | Became a worshipper of Ashenzari the Shackled
  3787 | D:5      | Entered Level 5 of the Dungeon
  3821 | D:5      | Reached XP level 8. HP: 45/50 MP: 0/0
  4125 | D:5      | Found a sand-covered staircase.
  4139 | Ossuary  | Entered an ossuary
  4853 | Ossuary  | Noticed Menkaure
  4856 | Ossuary  | HP: 1/50 [Menkaure (18)]
  4858 | Ossuary  | Killed Menkaure
  4859 | Ossuary  | Reached skill level 1 in Staves
  5509 | D:6      | Found a blossoming altar of Fedhas.
  5629 | D:6      | Found a sparkling altar of Nemelex Xobeh.
  5673 | D:6      | Noticed a troll
  5680 | D:6      | Killed a troll
  5681 | D:6      | Reached skill level 1 in Evocations
  5681 | D:6      | Reached XP level 9. HP: 42/57 MP: 0/0
  5681 | D:6      | Learned a level 3 spell: Vampiric Draining
  5884 | D:6      | Reached skill level 1 in Fighting
  6058 | D:6      | Reached * piety under Ashenzari
  6274 | D:7      | Noticed Prince Ribbit
  6286 | D:7      | Killed Prince Ribbit
  6400 | D:7      | Reached ** piety under Ashenzari
  6500 | D:7      | Reached XP level 10. HP: 67/67 MP: 0/0
  6776 | D:7      | Reached skill level 1 in Shields
  7096 | D:8      | Reached *** piety under Ashenzari
  7135 | D:8      | Found a hazy altar of Hepliaklqana.
  7545 | D:8      | Reached skill level 1 in Throwing
  7636 | D:8      | Reached skill level 10 in Spellcasting
  7975 | D:9      | Noticed a centaur warrior
  7985 | D:9      | Killed a centaur warrior
  8053 | D:9      | Noticed a two-headed ogre
  8062 | D:9      | Killed a two-headed ogre
  8063 | D:9      | Reached XP level 11. HP: 62/78 MP: 0/0
  8063 | D:9      | Learned a level 4 spell: Anguish
  8367 | D:9      | Reached skill level 5 in Armour
  8989 | D:10     | Entered Level 10 of the Dungeon
  8989 | D:10     | Noticed a two-headed ogre
  9009 | D:10     | Found Yrudaurep's Antique Weapon Emporium.
  9037 | D:10     | Found a staircase to the Lair.
  9044 | D:10     | Found an ornate altar of the Wu Jian Council.
  9220 | D:10     | Reached **** piety under Ashenzari
  9374 | D:10     | Reached skill level 5 in Fighting
  9477 | D:10     | Killed a two-headed ogre
  9726 | D:11     | Noticed an orc knight
  9727 | D:11     | Noticed an ogre mage
  9838 | D:10     | Noticed Erica
  9854 | D:10     | Killed Erica
  9984 | D:10     | Noticed a two-headed ogre
  9992 | D:10     | Killed a two-headed ogre
  9993 | D:10     | Reached XP level 12. HP: 84/92 MP: 0/0
 10101 | Lair:1   | Entered Level 1 of the Lair of Beasts
 10322 | Lair:1   | Found a dark tunnel.
 10331 | Volcano  | Entered a volcano
 10395 | Volcano  | Reached ***** piety under Ashenzari
 10531 | Volcano  | Found a bloodstained altar of Trog.
 10531 | Volcano  | Noticed a hell hog
 10538 | Volcano  | Killed a hell hog
 10644 | Volcano  | Noticed a fire crab
 10648 | Volcano  | Killed a fire crab
 10809 | Lair:1   | Found an iron altar of Okawaru.
 11002 | Lair:1   | Reached XP level 13. HP: 103/103 MP: 0/0
 11002 | Lair:1   | Learned a level 5 spell: Blade Hands
 12115 | Lair:2   | Reached ****** piety under Ashenzari
 12159 | Lair:2   | Noticed a five-headed hydra
 12169 | Lair:2   | Killed a five-headed hydra
 12409 | Lair:2   | Found a runed translucent door.
 12410 | Lair:2   | Noticed Fractals's ghost (journeyman KoBr)
 12410 | Lair:2   | Identified the +1 pair of boots "Kid Riaq" {Regen+ MP+9
                  | Stlth+}
 12721 | Lair:3   | Identified the cursed staff of poison of the Ensconced
                  | Regret {rPois, Self, Evo} (You found it on level 2 of the
                  | Dungeon)
 12721 | Lair:3   | Identified the cursed +0 pair of gloves "Share My
                  | Trepidation" {Range, Fort} (You found it on level 4 of the
                  | Dungeon)
 12721 | Lair:3   | Identified the cursed +0 kite shield "I Foresaw This"
                  | {Self, Range} (You took it off a gnoll sergeant on level 6
                  | of the Dungeon)
 12967 | Lair:3   | Noticed an eight-headed hydra
 12981 | Lair:3   | Killed an eight-headed hydra
 13021 | Lair:3   | Found a staircase to the Shoals.
 13059 | Lair:3   | Found a staircase to the Snake Pit.
 13771 | Lair:4   | Noticed a six-headed hydra
 13786 | Lair:4   | Killed a six-headed hydra
 14194 | Lair:4   | Noticed a five-headed hydra
 14209 | Lair:4   | Killed a five-headed hydra
 14210 | Lair:4   | Reached XP level 14. HP: 62/115 MP: 0/0
 14881 | Lair:5   | Entered Level 5 of the Lair of Beasts
 14885 | Lair:5   | Found a viscous altar of Jiyva.
 14885 | Lair:5   | Found a staircase to the Slime Pits.
 15065 | Lair:5   | Identified the +0 scale mail "Zup Xiq" {rElec Str+2 Dex+3
                  | SInv}
 15538 | Lair:5   | Reached skill level 1 in Unarmed Combat
 15908 | Lair:5   | Reached skill level 5 in Shields
 15919 | Lair:5   | Identified the +0 scale mail of Osuxoami {rC+}
 16384 | Lair:2   | Killed Fractals's ghost
 16490 | D:11     | Reached skill level 15 in Spellcasting
 16718 | D:11     | Identified the +8 shortbow of Triumph {flame, rF+ Will-
                  | SInv}
 16748 | D:11     | Noticed Maurice
 16761 | D:11     | Killed Maurice
 16877 | D:11     | Noticed Gastronok
 16894 | D:11     | Killed Gastronok
 17582 | D:12     | Noticed Snorg
 17602 | D:12     | Killed Snorg
 17603 | D:12     | Reached XP level 15. HP: 115/115 MP: 0/0
 17603 | D:12     | Learned a level 6 spell: Dispersal
 17621 | D:12     | Found an iron altar of Okawaru.
 17900 | D:12     | Found a staircase to the Orcish Mines.
 18013 | D:12     | Noticed Jorgrun
 18022 | D:12     | Killed Jorgrun
 18489 | Orc:1    | Entered Level 1 of the Orcish Mines
 18624 | Orc:2    | Entered Level 2 of the Orcish Mines
 18703 | Orc:2    | Found a gate leading to a gauntlet.
 18736 | Orc:2    | Noticed Donald
 18744 | Orc:2    | Killed Donald
 18745 | Orc:2    | Reached skill level 5 in Dodging
 18783 | Gauntlet | Entered a Gauntlet
 18783 | Gauntlet | Found a transporter.
 18783 | Gauntlet | Found a transporter.
 18795 | Gauntlet | Found a transporter.
 18800 | Gauntlet | Found a transporter.
 18814 | Gauntlet | Found a transporter.
 18815 | Gauntlet | Found a transporter.
 18819 | Gauntlet | Found a runed translucent door.
 18823 | Gauntlet | Found a runed translucent door.
 18861 | Gauntlet | Found a transporter.
 18864 | Gauntlet | Found a transporter.
 18924 | Gauntlet | Found a transporter.
 18928 | Gauntlet | Found a transporter.
 18937 | Gauntlet | Noticed a quicksilver ooze
 18939 | Gauntlet | Found a transporter.
 18941 | Gauntlet | Identified the ring "Duuroas" {+Blink SInv}
 18955 | Gauntlet | Found a transporter.
 19195 | Gauntlet | Reached skill level 10 in Fighting
 19411 | Gauntlet | Identified Ereshkigal's Dissertation on Last Rites
 19411 | Gauntlet | Identified the Information on the Telluric Blink Frog
 19411 | Gauntlet | Identified the +1 ring mail of Qetip {Str+2 Int+5}
 19411 | Gauntlet | Identified the +10 demon trident "Gram" {drain, *Slow rF+
                  | rC+++ Dex-4}
 19561 | Orc:2    | Found a staircase to the Elven Halls.
 20334 | Orc:2    | Noticed an orc warlord
 20356 | Orc:2    | Killed an orc warlord
 20529 | Orc:2    | Noticed Josephine
 20549 | Orc:2    | Killed Josephine
 20666 | Orc:2    | Noticed an orc warlord
 20669 | Orc:2    | Reached XP level 16. HP: 121/124 MP: 0/0
 20899 | Orc:2    | Found Sycvo's Distillery.
 20904 | Orc:2    | Found Ogonuadu's Distillery.
 20913 | Orc:2    | Found Demovi's Antique Weapon Boutique.
 20941 | Orc:2    | Found Goeseob's Weapon Emporium.
 21547 | D:13     | Reached skill level 1 in Polearms
 21679 | D:13     | Found a gate to the Vaults.
 22297 | D:14     | Found a hide-covered altar of Uskayaw.
 22342 | D:14     | Reached skill level 5 in Evocations
 22836 | D:15     | Entered Level 15 of the Dungeon
 23553 | D:15     | Found a staircase to the Depths.
 23963 | Snake:1  | Entered Level 1 of the Snake Pit
 24099 | Snake:1  | Reached skill level 5 in Polearms
 25039 | Snake:1  | Found Faluh's Overcharged Wands.
 25543 | Snake:2  | Found Voplucs's Jewellery Emporium.
 25597 | Snake:2  | Reached XP level 17. HP: 117/138 MP: 0/0
 25597 | Snake:2  | Learned a level 7 spell: Malign Gateway
 25783 | Snake:2  | Found Tuyh's Book Shoppe.
 25784 | Snake:2  | Found Lecych's Jewellery Shop.
 25784 | Snake:2  | Found Vummeant's Jewellery Shop.
 26064 | Snake:2  | Found Nuizxi's Jewellery Shoppe.
 26611 | Snake:2  | Noticed Aizul
 26629 | Snake:2  | Killed Aizul
 27853 | Snake:3  | Found Xyiti's General Store.
 28124 | Snake:4  | Entered Level 4 of the Snake Pit
 28249 | Snake:4  | Identified the staff of air "Fuitaol" {rElec rN+ Stlth+}
 28481 | Snake:4  | Found Layriuq's Antique Weapon Emporium.
 28503 | Snake:4  | Reached XP level 18. HP: 129/146 MP: 0/0
 29304 | Snake:4  | Got a serpentine rune of Zot
 29527 | Shoals:1 | Entered Level 1 of the Shoals
 30494 | Shoals:2 | Noticed Roxanne
 30635 | Shoals:2 | Noticed Ilsuiw
 30749 | Shoals:2 | Killed Ilsuiw
 31339 | Shoals:2 | Reached XP level 19. HP: 151/154 MP: 0/0
 31339 | Shoals:2 | Learned a level 7 spell: Enfeeble
 31699 | Shoals:2 | Killed Roxanne
 31963 | Shoals:3 | Noticed Nikola
 31997 | Shoals:3 | Killed Nikola
 32331 | Shoals:3 | Noticed Mara
 32351 | Shoals:3 | Noticed Polyphemus
 32358 | Shoals:3 | Noticed monsoonserge's illusion
 32382 | Shoals:3 | Killed Polyphemus
 32402 | Shoals:3 | Killed Mara
 32972 | Shoals:4 | Entered Level 4 of the Shoals
 33739 | Shoals:4 | Noticed Louise
 33748 | Abyss:2  | Cast into level 2 of the Abyss (Louise)
 33975 | Abyss:2  | Found a corrupted altar of Lugonu.
 34036 | Shoals:4 | Escaped the Abyss
 34042 | Shoals:4 | Reached skill level 10 in Dodging
 34049 | Shoals:4 | Killed Louise
 34050 | Shoals:4 | Reached skill level 5 in Stealth
 34300 | Shoals:4 | Got a barnacled rune of Zot
 34758 | Slime:1  | Entered Level 1 of the Pits of Slime
 34953 | Elf:1    | Entered Level 1 of the Elven Halls
 35214 | Elf:1    | Reached XP level 20. HP: 84/158 MP: 0/0
 35422 | Elf:1    | Paralysed by an air elemental for 1 turns
 35429 | Elf:1    | Identified the cursed +0 kite shield of the Chained Augur
                  | {reflect, Fort, Self} (You took it off a tengu warrior in a
                  | Gauntlet)
 35721 | Elf:1    | Identified Mnoleg's Compilation of Illusion
 37098 | Elf:2    | Found a runed translucent gate.
 37099 | Elf:2    | Found a runed translucent gate.
 37099 | Elf:2    | Found a runed translucent gate.
 37127 | Elf:2    | Found Ymoiwk's Weapon Emporium.
 37261 | Elf:3    | Entered Level 3 of the Elven Halls
 37552 | Elf:3    | Identified the +4 spear of a bazaar {heavy, Str+4}
 37701 | Elf:3    | Noticed a Hell Sentinel
 37940 | Elf:3    | Reached skill level 10 in Polearms
 38036 | Elf:3    | Reached XP level 21. HP: 168/171 MP: 0/0
 38036 | Elf:3    | Learned a level 8 spell: Infestation
 38513 | Vaults:1 | Entered Level 1 of the Vaults
 39266 | Vaults:1 | Found Aleula's Jewellery Shop.
 39617 | Vaults:1 | Reached skill level 15 in Fighting
 40209 | Vaults:2 | Found a staircase to the Crypt.
 40549 | Vaults:2 | Reached XP level 22. HP: 70/180 MP: 0/0
 41125 | Vaults:2 | Reached skill level 15 in Dodging
 41636 | Vaults:3 | Noticed Margery
 41643 | Vaults:3 | Killed Margery
 42504 | Vaults:4 | Identified a scroll of acquirement
 42514 | Vaults:4 | Acquired the ring "Xogga" {rC+ rN+ Will+ Str+2}
 42746 | Vaults:4 | Reached XP level 23. HP: 157/185 MP: 0/0
 42746 | Vaults:4 | Learned a level 8 spell: Maxwell's Capacitive Coupling
 44355 | Elf:3    | Identified the +3 scale mail of Xacaw {-Tele rN+++ Int+6
                  | Slay-6}
 44520 | Elf:3    | Reached skill level 10 in Shields
 44626 | Elf:3    | Identified the +1 war axe "Ytrom" {antimagic, rF+ rN+ Dex-3
                  | Stlth+}
 44627 | Elf:3    | Found the +8 trishula "Condemnation" {holy, anguish, *Noise
                  | Fly rN+}
 44629 | Elf:3    | Identified the staff of death "Umnait" {rF+ rN+}
 46030 | Depths:1 | Entered Level 1 of the Depths
 46133 | Depths:1 | Found a stormy altar of Qazlal.
 46291 | Depths:1 | Reached XP level 24. HP: 194/198 MP: 0/0
 46394 | Depths:1 | Reached skill level 10 in Armour
 46419 | Depths:1 | Found a one-way gate leading to the halls of Pandemonium.
 46679 | Depths:1 | Found a portal to a secret trove of treasure.
 46722 | Depths:1 | Found a gateway to Hell.
 47487 | Depths:1 | You paid a toll of +5 fire dragon scales to enter a
                  | treasure trove
 47488 | Trove    | Entered a treasure trove
 47758 | Depths:2 | Paralysed by a floating eye for 4 turns
 47797 | Depths:2 | Found a one-way gateway to a ziggurat.
 48278 | Depths:2 | Identified the +3 scale mail "Juhiut" {*Slow rC+ SInv
                  | Stlth+}
 48533 | Depths:2 | Identified the Disquisition on Calling
 48939 | Depths:2 | Found a runed translucent door.
 48945 | Depths:2 | Found a runed translucent door.
 49015 | Depths:2 | Identified the +3 broad axe of Yesterday {spect, Int+3}
 49470 | Depths:3 | Found a one-way gate to the infinite horrors of the Abyss.
 49736 | Depths:3 | Paralysed by a floating eye for 4 turns
 49746 | Depths:3 | Paralysed by a floating eye for 3 turns
 50584 | Depths:4 | Entered Level 4 of the Depths
 50685 | Depths:4 | Reached skill level 10 in Stealth
 50720 | Depths:4 | Reached XP level 25. HP: 163/209 MP: 0/0
 50720 | Depths:4 | Learned a level 8 spell: Ignition
 50764 | Depths:4 | Noticed Boris
 50771 | Depths:4 | Killed Boris
 50947 | Depths:4 | Found Axke's General Store.
 51446 | Depths:4 | Found a gate to the Realm of Zot.
 52461 | Slime:1  | Reached skill level 15 in Shields
 52469 | Slime:1  | Found a viscous altar of Jiyva.
 52765 | Slime:3  | Gained mutation: You are clumsy. (Dex -2) [a shining eye]
 53584 | Slime:4  | Reached XP level 26. HP: 87/220 MP: 0/0
 54153 | Slime:5  | Entered Level 5 of the Pits of Slime
 54210 | Slime:5  | Noticed the Royal Jelly
 54310 | Slime:5  | Killed the Royal Jelly
 54615 | Slime:5  | Identified the ring "Hyxiw" {Ice *Slow rPois rCorr Str+2}
 54615 | Slime:5  | Identified the Omnibus of the Toxic Volley
 54616 | Slime:5  | Identified the +6 halberd of Big Damage {speed, rElec rPois
                  | Int+3}
 54616 | Slime:5  | Identified the +0 short sword of the Bursting Queen
                  | {antimagic, rElec rPois rC- Will+}
 54649 | Slime:5  | Identified the +5 plate armour of Agrabaf {Int+3}
 54671 | Slime:5  | Got a slimy rune of Zot
 55324 | Crypt:1  | Entered Level 1 of the Crypt
 56266 | Vaults:5 | Entered Level 5 of the Vaults
 56401 | Vaults:5 | Noticed a dread lich
 56432 | Vaults:5 | Reached XP level 27. HP: 48/224 MP: 0/0
 56432 | Vaults:5 | Learned a level 9 spell: Chain Lightning
 56758 | Vaults:5 | Noticed an ancient lich
 56828 | Vaults:5 | Killed an ancient lich
 56888 | Vaults:5 | Killed a dread lich
 56972 | Vaults:5 | Identified the ring "Haibb" {+Blink rPois rF+ rC-}
 57352 | Vaults:5 | Found Acveo's Antique Weapon Shop.
 57544 | Vaults:5 | Identified Tuis Ige's Compendium of Conflagration and
                  | Leadership
 57614 | Vaults:5 | Identified the amulet of Megalomania {Faith rC+ rCorr
                  | Str-3}
 57620 | Vaults:5 | Noticed a dread lich
 57625 | Vaults:5 | Killed a dread lich
 58060 | Vaults:5 | Identified Turehu's Quarto of the Compass
 58391 | Vaults:5 | Identified the +5 mace "Riwurhuj" {vamp, *Noise rF+ Int+2}
 58393 | Vaults:5 | Identified Jinki's Willworking in Simple Steps
 58401 | Vaults:5 | Got a silver rune of Zot
 58414 | Vaults:5 | Noticed a dread lich
 58417 | Vaults:5 | Killed a dread lich
 58418 | Vaults:5 | Reached skill level 15 in Stealth
 58758 | Vaults:5 | Bought a bloodstained rapier for 270 gold pieces
 58758 | Vaults:5 | Identified the +0 rapier of a bazaar {spect, Dex+2} (You
                  | bought it in a shop on level 5 of the Vaults)
 58758 | Vaults:5 | Bought a warped dagger for 210 gold pieces
 58758 | Vaults:5 | Identified the +6 dagger "Zini" {vamp, Int+5 Dex+3} (You
                  | bought it in a shop on level 5 of the Vaults)
 59129 | Orc:2    | Bought a shimmering whip for 225 gold pieces
 59129 | Orc:2    | Identified the +10 whip of the Yoke {distort, Str+5} (You
                  | bought it in a shop on level 2 of the Orcish Mines)
 59467 | Zot:1    | Entered Level 1 of the Realm of Zot
 59918 | Zot:1    | Identified the +4 mace of Qongij {spect, rCorr}
 60761 | Zot:2    | Noticed a Killer Klown
 60763 | Zot:2    | Noticed a Killer Klown
 60764 | Zot:2    | Killed a Killer Klown
 60765 | Zot:2    | Killed a Killer Klown
 61032 | Zot:2    | Noticed a Killer Klown
 61049 | Zot:2    | Killed a Killer Klown
 61349 | Zot:2    | Reached skill level 10 in Evocations
 61506 | Zot:2    | Reached skill level 15 in Armour
 61962 | Zot:3    | Noticed Muataran's ghost (veteran MiMo)
 61962 | Zot:3    | Found a runed translucent gate.
 61962 | Zot:3    | Found a runed translucent gate.
 61962 | Zot:3    | Found a runed translucent gate.
 61962 | Zot:3    | Found an opulent altar of Gozag.
 63282 | Zot:4    | Identified the +0 chain mail "Ceulykiew" {Drain rElec
                  | Regen+}
 63332 | Zot:4    | Identified the +4 lajatang of Division {drain, rF+ Dex-3
                  | Stlth+}
 63425 | Zot:4    | Noticed an orb of fire
 63432 | Zot:4    | Killed an orb of fire
 63984 | Zot:5    | Entered Level 5 of the Realm of Zot
 65257 | Zot:5    | Noticed a Killer Klown
 65277 | Zot:5    | Noticed an orb of fire
 65279 | Zot:5    | Noticed an orb of fire
 65284 | Zot:4    | Killed an orb of fire
 65390 | Zot:5    | Gained mutation: You are very clumsy. (Dex -4) [an orb of
                  | fire]
 65394 | Zot:5    | Killed an orb of fire
 65433 | Zot:5    | Noticed a Killer Klown
 65435 | Zot:5    | Noticed a Killer Klown
 65437 | Zot:5    | Noticed a Killer Klown
 65438 | Zot:5    | Killed a Killer Klown
 65438 | Zot:5    | Noticed a Killer Klown
 65440 | Zot:5    | Killed a Killer Klown
 65440 | Zot:5    | Noticed a Killer Klown
 65441 | Zot:5    | Killed a Killer Klown
 65446 | Zot:4    | Killed a Killer Klown
 65665 | Zot:5    | Killed a Killer Klown
 65759 | Zot:5    | Killed a Killer Klown
 65857 | Zot:5    | Noticed a Killer Klown
 65859 | Zot:5    | Killed a Killer Klown
 65865 | Zot:5    | Noticed a Killer Klown
 65869 | Zot:5    | Killed a Killer Klown
 65916 | Zot:5    | Noticed an orb of fire
 65923 | Zot:5    | Killed an orb of fire
 66161 | Zot:5    | Got the Orb of Zot
 66241 | Zot:3    | Noticed Uxtaposh the pandemonium lord
 66358 | Depths:1 | Noticed Vanodol the pandemonium lord
 66567 | D:8      | Lost mutation: You are very clumsy. (Dex -4) [a cacodemon]
 66783 | D:$      | Escaped with the Orb!

Illustrated notes

Levels and vault maps discovered:
D:1:      wander_arrival_estate, layout_loops_corners, amethyst_killhole
D:2:      layout_basic, shapermc_ecumenical_altar_petra
D:3:      layout_loops_ring, nicolae_overflow_ecumenical_swirl, serial_shops,
          shop, minmay_shallow_snake_nest
D:4:      layout_loops_ring, minmay_temple_entry_gardened_gates,
          cheibrodos_sewer_entry_bend, minmay_goblin_kobold_house
D:5:      layout_loops_ring, nicolae_ossuary_entry_giza, minmay_misc_feat_five,
          kennysheep_big_empty_room
D:6:      minmay_angry_zag, layout_rooms, mainiacjoe_overflow_catwalk,
          kennysheep_mini_moat, uniq_menkaure
D:7:      layout_loops_corners, uniq_prince_ribbit1
D:8:      kennysheep_blocky_hall, layout_basic, lemuel_coloured_pillars_altar
D:9:      layout_long_grid, mainiacjoe_overflow_cross_hatched,
          minmay_misc_feat_cross
D:10:     minmay_inner_zag, layout_basic, pdpol_wu_jian_five_deadly_venoms,
          serial_glass, glass_columns_c, glass_columns_c, due_unseen_surprise,
          feat_on_display, item_on_display_a, serial_shops,
          nicolae_shop_getting_attention, uniq_erica
D:11:     layout_rooms, grunt_ministairs_5, hangedman_decor_push,
          minmay_radiant, uniq_gastronok, uniq_maurice
D:12:     layout_long_grid, erik_orc_1, kennysheep_okawaru_gauntlet,
          uniq_jorgrun, uniq_snorg
D:13:     layout_stronghold, david_vaults_2, corexii_checkpoint_a
D:14:     layout_loops_ring, nicolae_uskayaw_murder_on_the_dancefloor
D:15:     hangedman_depths_entry_try_elsewhere_first, layout_loops_ring,
          minmay_crystal_water
Temple:   nicolae_temple_elliptical
Lair:1:   layout_gridlike, enter_volcano_4, serial_rivers,
          chequers_serial_rivers_large_b, chequers_serial_rivers_marsh,
          chequers_serial_rivers_micro_a, chequers_serial_rivers_small_b,
          chequers_serial_rivers_large_a, chequers_serial_rivers_small_b,
          lemuel_centaur_altar
Lair:2:   layout_regular_city, ebering_ghost_inner_flame,
          hangedman_lair_generics_rect, grunt_megastairs_2,
          infiniplex_staircase_pool_2, lemuel_fruit_fields
Lair:3:   layout_long_grid, elwin_shoals_entry_rocks,
          nicolae_snake_entry_warm_welcome, serial_bayou_shore_a
Lair:4:   layout_cave_pods
Lair:5:   gammafunk_lair_ancient_temple, layout_cave_pods, slime_entry_1,
          worms_lemuel
Shoals:1: layout_shoals, yaktaur_hedge
Shoals:2: layout_shoals, uniq_roxanne, uniq_ilsuiw
Shoals:3: layout_shoals, uniq_polyphemus, uniq_nikola, uniq_mara
Shoals:4: shoals_end_hellmonk_lost_city, uniq_louise
Snake:1:  layout_cave_pods, nicolae_shop_overcharged_wands
Snake:2:  layout_layer_cave, serial_shops, nicolae_shop_peninsula,
          minmay_shop_enchanted_jewellery, lemuel_fruit_tree,
          grunt_megastairs_4, minmay_shop_grove, uniq_aizul
Snake:3:  layout_misc_corridors, serial_shops, nicolae_diamond_shop
Snake:4:  grunt_snake_rune_pools, layout_misc_corridors, serial_shops, shop
Slime:1:  layout_caves, special_room [special_room_jelly], basic_altar
Slime:2:  layout_caves, cheibrodos_slime_lost_civilization_5
Slime:3:  layout_caves
Slime:4:  layout_caves, nicolae_slime_rock_hall_of_fame
Slime:5
Orc:1:    layout_diamond_mine
Orc:2:    st_orc_elflike, layout_caves, gauntlet_entry_generic,
          minmay_orc_treasury, uniq_josephine, uniq_donald
Elf:1:    eino_elf_arrival_the_gate, layout_loops_corners,
          minmay_elf_demonology, grunt_ministairs_2
Elf:2:    nicolae_elf_blades_crystal_corner, layout_loops_cross, serial_shops,
          nicolae_shop_bloodbath_and_beyond, nicolae_elf_deep_friendship
Elf:3:    minmay_elf_hall_statues, layout_loops_cross, special_room
          [special_room_mythical_zoo], nicolae_elf_m_pinch
Vaults:1: nicolae_vaults_triangles, nicolae_vaults_offset_grid_hallway_3,
          nicolae_vaults_tangram_2, nicolae_vaults_trapezoid_layered,
          nicolae_vaults_little_squares_4, hangedman_vaults_restitches,
          nicolae_vaults_swerve, nicolae_vaults_closet_pinwheel_3,
          nicolae_vaults_yaktaur_gun_rack, ontoclasm_vaults_spin, v_misc_22,
          nicolae_vaults_security_offices_1, v_pattern_3,
          vaults_room_semicircle, nicolae_vaults_little_squares_1,
          nicolae_vaults_tetromino_Z_1, layout_vaults_omnibox, serial_shops,
          shop
Vaults:2: nicolae_vaults_two_Ls, v_misc_10, nicolae_vaults_variable_pillar_hall,
          nicolae_vaults_circle_grid_b, nicolae_vaults_trapezoid_lopsided_2,
          nicolae_vaults_more_shelving_1, vaults_mumra_hex,
          hangedman_vaults_snaps, minmay_crypt_entry_simple_round,
          grunt_vaults_bifocal, ontoclasm_vaults_eye, hangedman_vaults_slice,
          grunt_vaults_diagonal, layout_vaults_ring, serial_glass
Vaults:3: vaults_dpeg_cross, nicolae_vaults_windows_and_doors_thing,
          nicolae_vaults_sesquioval_fish, nicolae_vaults_trapezoid_3,
          nicolae_vaults_little_squares_5, vaults_room_fancy_cross,
          layout_vaults_quadrants, uniq_margery
Vaults:4: nicolae_vaults_theta, vaults_room_door_ring, hangedman_vaults_locks,
          nicolae_vaults_storage_room_glass, v_misc_9,
          nicolae_vaults_double_plus_2, vaults_mumra_hexcomb,
          nicolae_vaults_ninety_degrees, nicolae_vaults_little_squares_3,
          nicolae_vaults_border_crossing, v_rooms_6,
          nicolae_vaults_hexular_roomagon, nicolae_vaults_variable_pillar_hall,
          nicolae_vaults_house_1, layout_vaults_omnicross
Vaults:5
Crypt:1:  cheibrodos_crypt_eye_of_stone, layout_regular_city, serial_glass,
          glass_columns_a, glass_columns_b, glass_columns_a, glass_columns_b,
          glass_columns_a, glass_columns_b, glass_columns_a, glass_columns_b
Crypt:2:  layout_regular_city
Depths:1: layout_gridlike, rand_demon_pan_entry_7,
          nicolae_trove_entry_crossroad, hell_entry,
          hangedman_abyss_or_decor_lesser_grid, nicolae_qazlal_general_emergency
Depths:2: thingy_vault_2, layout_basic, enter_ziggurat_f,
          pf_hell_entry_tar_spiral, patterned_corridor, pan_entry,
          hangedman_decor_diamond_cutter, hangedman_summoners_spam
Depths:3: minmay_outward_triangles, layout_basic,
          hangedman_abyss_or_decor_jellyfish_corner, hell_entry,
          nicolae_abyss_entry_one_way_or_another
Depths:4: grunt_zot_entry_gee_three, layout_cave_pools, hell_entry,
          minmay_misc_feat_roman, serial_column_ruins,
          column_ruins_corridor_straight, column_ruins_open_small,
          column_ruins_grid_3, column_ruins_corridor_dead_end,
          column_ruins_corridor_straight, column_ruins_open_small,
          column_ruins_grid_3, serial_shops, nicolae_shop_trees, abyss_entry,
          rand_demon_pan_entry_8, uniq_boris
Zot:1:    layout_misc_corridors, st_stairs_1, uniq_josephina
Zot:2:    hangedman_zot_vaults_quadrants, layout_onion_interference, drop_trap
Zot:3:    layout_misc_corridors, ebering_ghost_gozag
Zot:4:    layout_misc_corridors
Zot:5:    layout_basic, st_stairs_9

Skill      XL: |  1  2  3  4  5  6  7  8  9 10 11 12 13 14 15 16 17 18 19 20 21 22 23 24 25 26 27 |
---------------+----------------------------------------------------------------------------------+-----
Spellcasting   | 3 4 5 6 7 8 10 11 12 14 15 16 17 18 19 20 21 | 21.2
Armour         | 1 2 4 5 6 7 8 9 10 11 12 17 | 17.4
Staves         | 1 2 3 |  3.6
Dodging        | 3 4 5 7 10 12 14 16 17 18 21 | 21.1
Stealth        | 2 3 4 5 6 10 11 14 15 | 15.6
Evocations     | 1 2 4 5 7 8 9 12 | 12.0
Fighting       | 2 4 5 6 8 9 10 11 12 13 14 15 16 17 19 20 | 20.6
Shields        | 2 3 4 5 6 7 8 9 10 12 15 17 21 | 21.5
Throwing       | 1 2 3 4 |  4.1
Unarmed Combat | 3 |  3.9
Polearms       | 5 8 9 10 11 | 11.1

Action                     |  1- 3 |  4- 6 |  7- 9 | 10-12 | 13-15 | 16-18 | 19-21 | 22-24 | 25-27 || total
---------------------------+-------+-------+-------+-------+-------+-------+-------+-------+-------++-------
  Melee: Short sword       |    19 |       |       |       |       |       |       |       |       ||    19
         Staff             |    10 |    14 |    68 |    76 |   151 |     4 |       |       |       ||   323
         Punch             |       |       |     2 |       |     5 |       |       |       |       ||     7
         Unarmed           |       |       |       |       |   127 |       |     4 |       |       ||   131
         Demon trident     |       |       |       |       |       |   741 |   775 |   422 |    61 ||  1999
  Throw: Boomerang         |       |     1 |     9 |    36 |    16 |    47 |    11 |       |       ||   120
         Javelin           |       |       |       |       |       |       |       |       |     3 ||     3
   Cast: Sting             |    62 |    72 |   154 |   108 |   101 |     2 |       |       |       ||   499
         Poisonous Vapours |     3 |    15 |    39 |    33 |    41 |     2 |     1 |       |       ||   134
         Summon Small Mamm |       |     3 |     2 |     5 |    24 |     2 |       |     1 |       ||    37
         Static Discharge  |       |     6 |    78 |    51 |    72 |    13 |    28 |     4 |       ||   252
         Olgreb's Toxic Ra |       |     1 |     9 |    51 |   139 |    70 |    98 |   121 |    14 ||   503
         Frozen Ramparts   |       |       |    12 |    32 |    61 |    73 |    19 |     5 |       ||   202
         Mephitic Cloud    |       |       |     9 |    26 |    68 |    23 |    20 |    26 |     1 ||   173
         Vampiric Draining |       |       |     3 |     5 |    26 |    57 |    78 |    18 |    11 ||   198
         Anguish           |       |       |       |    11 |    62 |    85 |    19 |    19 |       ||   196
         Blade Hands       |       |       |       |       |    28 |       |     2 |       |       ||    30
         Malign Gateway    |       |       |       |       |       |    12 |    33 |    13 |     9 ||    67
         Dispersal         |       |       |       |       |       |     1 |     1 |       |       ||     2
         Enfeeble          |       |       |       |       |       |       |    36 |    27 |    30 ||    93
         Infestation       |       |       |       |       |       |       |    19 |   152 |   137 ||   308
         Maxwell's Capacit |       |       |       |       |       |       |       |    24 |    43 ||    67
         Ignition          |       |       |       |       |       |       |       |       |   152 ||   152
         Chain Lightning   |       |       |       |       |       |       |       |       |   425 ||   425
 Invoke: Curse Item        |       |       |     3 |     5 |     4 |     4 |     1 |     1 |     1 ||    19
         Shatter the Chain |       |       |       |     1 |     4 |     2 |     1 |     1 |     1 ||    10
Ability: End Transformatio |       |       |       |       |       |       |     2 |       |       ||     2
  Evoke: Wand              |       |       |       |       |     4 |       |       |       |     1 ||     5
         Lightning rod     |       |       |       |       |       |       |       |     4 |       ||     4
    Use: Potion            |       |       |     1 |       |     2 |       |     2 |     4 |     5 ||    14
         Scroll            |       |       |     1 |       |       |       |     6 |    12 |    10 ||    29
   Stab: Sleeping          |     1 |     1 |     1 |       |       |     6 |     9 |       |     1 ||    19
         Confused          |       |       |       |     1 |    17 |    18 |    10 |    14 |       ||    60
         Distracted        |       |       |       |       |       |     3 |     2 |    14 |     2 ||    21
         Invisible         |       |       |       |       |       |       |    21 |     9 |     2 ||    32
 Armour: Leather armour    |    11 |    11 |    45 |       |       |       |       |       |       ||    67
         Ring mail         |       |       |    23 |    52 |    91 |    49 |       |       |       ||   215
         Scale mail        |       |       |       |       |       |   130 |   176 |    81 |    53 ||   440
  Dodge: Dodged            |    42 |    16 |    81 |    86 |   220 |   303 |   337 |   121 |   100 ||  1306
  Block: Kite shield       |       |       |     8 |    66 |   132 |   367 |   358 |   204 |   114 ||  1249
         Reflection        |       |       |       |       |     3 |    68 |    73 |    28 |    21 ||   193
